 Dungeon Crawl Stone Soup version 0.29-a0-321-gf1c400731a (webtiles) character file.

Game seed: 1215986118200663001

1533 kae the Firebug (level 8, 0/47 HPs)
             Began as a Tengu Fire Elementalist on Apr 4, 2022.
             Slain by a bullfrog (8 damage)
             ... on level 5 of the Dungeon.
             The game lasted 00:05:42 (8577 turns).

kae the Firebug (Tengu Fire Elementalist)           Turns: 8577, Time: 00:05:43

Health: 0/47       AC:  0    Str:  9    XL:     8   Next: 85%
Magic:  12/15      EV: 16    Int: 17    God:
Gold:   88         SH:  0    Dex: 15    Spells: 6/15 levels left

rFire   . . .      SeeInvis .   h - +0 short sword
rCold   . . .      Faith    .   (no shield)
rNeg    . . .      Spirit   .   a - +1 robe
rPois   .          Reflect  .   (helmet restricted)
rElec   .          Harm     .   (no cloak)
rCorr   .          Rampage  .   (no gloves)
Will    .....                   (boots unavailable)
Stlth   +.........              (no amulet)
HPRegen 0.15/turn               (no ring)
MPRegen 0.14/turn               (no ring)

@: confused, ambrosia-drunk, corroded, attractive, flying quickly and evasively,
quick
A: beak, talons 3, nimble flight
a: no special abilities


You were on level 5 of the Dungeon.
You visited 1 branch of the dungeon, and saw 5 of its levels.

You collected 88 gold pieces.

Inventory:

Hand Weapons
 h - a +0 short sword (weapon)
Armour
 a - a +1 robe (worn)
Scrolls
 l - 3 scrolls of identify
 m - a scroll of magic mapping
Potions
 b - a potion of magic
 e - a potion of berserk rage
 f - a potion of brilliance
 g - 2 potions of resistance
 i - 2 potions of mutation


   Skills:
 + Level 3.6 Fighting
 + Level 4.3 Armour
 + Level 4.9 Dodging
 - Level 2.0 Stealth
 + Level 4.0 Spellcasting
 + Level 5.3 Conjurations
 * Level 7.1 Fire Magic


You had 6 spell levels left.
You knew the following spells:

 Your Spells              Type           Power      Damage    Failure   Level
a - Foxfire               Conj/Fire      96%        2x1d8     1%          1
b - Scorch                Fire           54%        2d7       1%          2
c - Conjure Flame         Conj/Fire      24%        6-21      3%          3
d - Inner Flame           Hex/Fire       15%        N/A       11%         3

Your spell library contained the following spells:

 Spells                   Type           Power      Damage    Failure   Level
 Shock                    Conj/Air       48%        1d6       5%          1
 Flame Wave               Conj/Fire      24%        2d7       12%         4
 Fireball                 Conj/Fire      12%        3d7       32%         5
 Swiftness                Air            3%         N/A       43%         3
 Airstrike                Air            1%         N/A       83%         4
 Starburst                Conj/Fire      12%        6d5       88%         6
 Ignition                 Fire           13%        3d6       100%        8


Dungeon Overview and Level Annotations

Branches:
Dungeon (5/15)
 Temple: D:4-7

Altars:
Kikubaaqudgha

Shops:
D:3 (


Innate Abilities, Weirdness & Mutations

You have a beak for a mouth.
You have claws for feet.
Your magical nature lets you fly swiftly and evasively.


Message History

You feel a bit more experienced.
The foxfire hits the jelly.
The jelly is lightly wounded.
A bullfrog comes into view.
Casting: Foxfire (safe; 1% risk of failure)
Confirm with . or Enter, or press ? or * to list all spells.
Flames lash the jelly.
The jelly is moderately wounded.
The jelly's fire resistance burns away.
The jelly jiggles.
The jelly barely misses you. The jelly hits you. The acid corrodes you!
You are splashed with acid!
Casting: Scorch (safe; 1% risk of failure)
Confirm with . or Enter, or press ? or * to list all spells.
Flames lash the bullfrog.
The bullfrog is heavily wounded.
The bullfrog's fire resistance burns away.
The adder bites you. The jelly closely misses you.
The jelly is no longer more vulnerable to fire.
The bullfrog barely misses you. The bullfrog hits you. The adder bites you.
You are poisoned.
The adder poisons you! The jelly barely misses you.
You feel sick. The bullfrog attacks as you move away! The bullfrog hits you.
You feel sick. The bullfrog closely misses you.
You barely miss the bullfrog.
The bullfrog is heavily wounded.
You feel sick. The bullfrog completely misses you.
You feel better. The bullfrog hits you! The bullfrog hits you.
* * * LOW HITPOINT WARNING * * *
Okay, then.
You aren't carrying any items that you can evoke.
Unknown command.
It was a potion of attraction.
You feel attractive to monsters.
The bullfrog is no longer more vulnerable to fire.
The bullfrog hits you!
* * * LOW HITPOINT WARNING * * *
You are confused.
You feel invigorated. The bullfrog hits you!
You die...

#.......# #
#####'#'#'###
#.......#.#
#.......#.#
#.......#.#
#.......#.#
#####'#.#.#
#######...#.#
#...@FJ.#...#
#$####S........
...###.....
#..#.# .#...
#.....# ....
#.#.... ..#.
#.. ..## .. ##.


You could see a bullfrog, a jelly and an adder.

Vanquished Creatures
  Sigmund (D:2)
  A water moccasin (D:5)
  An ice beast (D:5)
  A sky beast (D:5)
  A black bear (D:5)
  3 ogres
  2 necrophages (D:5)
  4 scorpions
  A howler monkey (D:5)
  3 hounds
  3 iguanas
  9 adders
  4 gnolls (D:2)
  An ufetubus (D:5)
  A worm (D:5)
  A dart slug (D:1)
  3 orcs
  6 ball pythons
  7 endoplasms
  5 giant cockroaches
  8 hobgoblins
  9 jackals
  A quokka (D:1)
  4 frilled lizards
  4 goblins
  5 kobolds
  8 rats
97 creatures vanquished.

Vanquished Creatures (others)
  240 foxfires
240 creatures vanquished.

Grand Total: 337 creatures vanquished

Notes
Turn   | Place    | Note
-------+----------+-------------------------------------------
     0 | D:1      | kae the Tengu Fire Elementalist began the quest for the
                  | Orb.
     0 | D:1      | Reached XP level 1. HP: 10/10 MP: 4/4
   568 | D:1      | Reached XP level 2. HP: 10/15 MP: 4/6
  1558 | D:2      | Reached skill level 1 in Armour
  1596 | D:2      | Reached XP level 3. HP: 20/20 MP: 5/7
  1768 | D:2      | Noticed Sigmund
  2127 | D:2      | Reached skill level 4 in Fire Magic
  2518 | D:2      | Reached XP level 4. HP: 24/24 MP: 2/8
  2635 | D:2      | Learned a level 2 spell: Scorch
  2639 | D:2      | Learned a level 3 spell: Conjure Flame
  4478 | D:2      | Killed Sigmund
  4479 | D:2      | Reached skill level 1 in Fighting
  4479 | D:2      | Gained mutation: Your magical nature lets you fly swiftly
                  | and evasively. [Tengu growth]
  4479 | D:2      | Reached XP level 5. HP: 5/29 MP: 0/10
  4479 | D:2      | Reached XP level 6. HP: 6/34 MP: 0/11
  5285 | D:3      | Found Vuuclan's Antique Weapon Boutique.
  5350 | D:3      | Reached skill level 5 in Fire Magic
  5919 | D:4      | Found an ancient bone altar of Kikubaaqudgha.
  6351 | D:4      | Reached XP level 7. HP: 40/40 MP: 10/12
  6355 | D:4      | Learned a level 3 spell: Inner Flame
  7510 | D:5      | Entered Level 5 of the Dungeon
  7555 | D:5      | Reached skill level 6 in Fire Magic
  7664 | D:5      | Reached XP level 8. HP: 26/45 MP: 7/14
  8373 | D:5      | Reached skill level 5 in Conjurations
  8491 | D:5      | Reached skill level 7 in Fire Magic
  8577 | D:5      | Slain by a bullfrog

Illustrated notes

Levels and vault maps discovered:
D:1:      lemuel_arrival_lava_pool, layout_basic
D:2:      layout_basic, uniq_sigmund
D:3:      layout_loops_ring, serial_shops, shop_statue,
          chequers_serial_rivers_large_a
D:4:      minmay_wonky_spiral, layout_basic, mainiacjoe_overflow_24_doors
D:5:      minmay_recursive_quarters, layout_basic, lemuel_crystal_altar,
          minmay_fractal_squares_5

Skill      XL: |  1  2  3  4  5  6  7  8 |
---------------+-------------------------+-----
Armour         | 1 2 3 4 |  4.3
Conjurations   | 2 3 4 5 |  5.3
Fire Magic     | 4 5 6 7 |  7.1
Fighting       | 1 2 3 |  3.6
Dodging        | 3 4 |  4.9
Spellcasting   | 3 4 |  4.0
Stealth        | |  2.0

Action                   |  1- 3 |  4- 6 |  7- 9 || total
-------------------------+-------+-------+-------++-------
Melee: Unarmed           |    23 |       |       ||    23
       Kick              |    15 |     7 |    14 ||    36
       Peck              |     7 |     1 |     4 ||    12
       Short sword       |    25 |    29 |    29 ||    83
       Punch             |     1 |     1 |       ||     2
 Cast: Foxfire           |    38 |    57 |    42 ||   137
       Scorch            |       |    23 |    38 ||    61
       Conjure Flame     |       |     1 |     4 ||     5
  Use: Scroll            |     8 |     2 |     4 ||    14
       Potion            |     3 |       |     3 ||     6
 Stab: Sleeping          |       |     1 |       ||     1
Armor: Robe              |     9 |     7 |    12 ||    28
Dodge: Dodged            |    47 |    40 |    71 ||   158

Table legend: (Time is in decaauts)
 A = Elapsed time spent in this place.
 B = Non-inter-level travel time spent in this place.
 C = Inter-level travel time spent in this place.
 D = Time resting spent in this place.
 E = Time spent auto-exploring this place.
 F = Levels seen in this place.
 G = Mean time per level.
                   A        B        C        D        E       F      G
               +--------+--------+--------+--------+--------+-----+--------+
         Total |   8433 |   8134 |    299 |   1416 |   5646 |   5 | 1686.6 |
       Dungeon |   8433 |   8134 |    299 |   1416 |   5646 |   5 | 1686.6 |
               +--------+--------+--------+--------+--------+-----+--------+

Top non-repeatable levels by time:
     D:1: 3345 daAuts
     D:4: 1648 daAuts
     D:2: 1612 daAuts
     D:5: 1046 daAuts
     D:3: 780 daAuts
